 Dungeon Crawl Stone Soup version 0.21.1-1-g345015fe64 (webtiles) character file.

2124 Nattfarinn the Sneak (level 9, 0/65 HPs)
             Began as a Gnoll Enchanter on May 8, 2018.
             Slain by an orc wizard
             ... wielding a +1 dagger of electrocution
              (18 damage)
             ... on level 5 of the Dungeon.
             The game lasted 00:12:52 (4527 turns).

Nattfarinn the Sneak (Gnoll Enchanter)              Turns: 4527, Time: 00:12:52

Health: 0/65       AC:  2    Str: 10    XL:     9   Next: 29%
Magic:  8/18       EV: 17    Int: 18    God:
Gold:   172        SH:  0    Dex: 19    Spells: 12/21 levels left

rFire    . . .     SeeInvis .   A - +1 dagger (drain)
rCold    + . .     Gourm    .   (no shield)
rNeg     . . .     Faith    .   b - +0 robe
rPois    .         Spirit   .   (no helmet)
rElec    .         Reflect  .   (no cloak)
rCorr    .         Harm     .   (no gloves)
MR       .....                  (no boots)
Stlth    ++++......             C - amulet of regeneration
HPRegen  0.60/turn              f - ring of protection from cold
MPRegen  0.16/turn              (no ring)

@: no status effects
A: distributed training, fangs 1, strong nose
a: no special abilities


You were on level 5 of the Dungeon.
You were not hungry.

You visited 1 branch of the dungeon, and saw 6 of its levels.

You collected 172 gold pieces.

Inventory:

Hand Weapons
 a - a +1 dagger
 A - a +1 dagger of draining (weapon)
Armour
 b - a +0 robe (worn)
Magical Staves
 o - an uncursed staff of fire {unknown}
Jewellery
 f - a ring of protection from cold (left hand)
 C - an amulet of regeneration (around neck)
Wands
 r - a wand of acid (16)
 s - a wand of iceblast (12)
 F - a wand of disintegration (4)
Scrolls
 h - 3 scrolls of teleportation {unknown}
 k - 2 scrolls of amnesia {unknown}
 l - a scroll of fog {unknown}
 m - 5 scrolls of remove curse {unknown}
 p - 3 scrolls of identify {unknown}
 t - a scroll of blinking {unknown}
 y - a scroll of immolation {unknown}
 B - a scroll of enchant weapon {unknown}
Potions
 e - 2 potions of flight {unknown}
 g - a potion of cancellation {unknown}
 i - 2 potions of curing {unknown}
 j - a potion of ambrosia {unknown}
 n - a potion of resistance {unknown}
 q - a potion of haste {unknown}
 v - 4 potions of brilliance {unknown}
 w - a potion of agility {unknown}
 z - 3 potions of degeneration {unknown}
 D - a potion of lignification {unknown}
 E - a potion of mutation {unknown}
Books
 c - a book of Maledictions

   Spells                             Type                      Level
   a - Corona                         Hexes                        1
   b - Ensorcelled Hibernation        Hexes/Ice                    2
   c - Confuse                        Hexes                        3
   d - Tukima's Dance                 Hexes                        3
   e - Dazzling Spray                 Conjuration/Hexes            3
 x - a book of Minor Magic

   Spells                             Type                      Level
   a - Magic Dart                     Conjuration                  1
   b - Blink                          Translocation                2
   c - Call Imp                       Summoning                    2
   d - Slow                           Hexes                        2
   e - Conjure Flame                  Conjuration/Fire             3
   f - Mephitic Cloud                 Conjuration/Poison/Air       3
Comestibles
 d - 8 rations


   Skills:
 + Level 4.0 Fighting
 + Level 4.8 Short Blades
 + Level 4.0 Long Blades
 + Level 4.0 Axes
 + Level 4.0 Maces & Flails
 + Level 4.0 Polearms
 + Level 4.0 Staves
 + Level 4.0 Slings
 + Level 4.0 Bows
 + Level 4.0 Crossbows
 + Level 4.0 Throwing
 + Level 4.0 Armour
 + Level 6.2 Dodging
 + Level 7.3 Stealth
 + Level 4.0 Shields
 + Level 4.0 Unarmed Combat
 + Level 6.5 Spellcasting
 + Level 3.3 Conjurations
 + Level 6.4 Hexes
 + Level 3.3 Charms
 + Level 3.3 Summonings
 + Level 3.3 Necromancy
 + Level 3.3 Translocations
 + Level 3.3 Transmutations
 + Level 3.3 Fire Magic
 + Level 3.3 Ice Magic
 + Level 3.3 Air Magic
 + Level 3.3 Earth Magic
 + Level 3.3 Poison Magic
 + Level 4.4 Invocations
 + Level 4.0 Evocations


You had 12 spell levels left.
You knew the following spells:

 Your Spells              Type           Power        Failure   Level  Hunger
a - Corona                Hex            ####...      1%          1    None
b - Ensorcelled Hibernat  Hex/Ice        ###...       2%          2    None
c - Confuse               Hex            ####....     2%          3    ##.....
d - Tukima's Dance        Hex            ####....     2%          3    ##.....


Dungeon Overview and Level Annotations

Branches:
Dungeon (6/15)             Temple (0/1) D:4

Altars:
Fedhas
Hepliaklqana
Kikubaaqudgha

Shops:
D:4 *


Innate Abilities, Weirdness & Mutations

Your experience applies equally to all skills.
You have very sharp teeth.
Your uncanny sense of smell can sniff out nearby items.


Message History

You bump into the rock wall.
Something hits you but does no damage.
You are electrocuted!
You bump into the rock wall.
Something hits you.
You are electrocuted!
You bump into the rock wall.
You feel less confused. Something hits you.
You are electrocuted!
Okay, then.
You hear some strange, mumbled words.
Something tries to affect you, but you resist.
There is a stone staircase leading down here.
You climb downwards.
Found a stone staircase leading down.
There is a stone staircase leading up here.
You climb upwards.
There is a stone staircase leading down here.
You miss something. Something hits you.
You are electrocuted!
* * * LOW HITPOINT WARNING * * *
You closely miss something. Something hits you but does no damage.
You are electrocuted!
You die...

#.#)#
#.#......########....
....#
#####.#.##...........####
#####
#............#######.# #
####.###>#.##...# #.#
#.....<..#.##...# #.#
#>##.##......{..# #.#
#.#.#.#.#####.### #.#
#..###..#
###.#########.####
#.#.#.#.#
#@....##..........
#.......#
#.....##.##.#..##.
#.#.#.#.#
#.....##.##.#..##.
#..###..#
#.....##.#.....##. #.##
##.# #.....##.#..#.###.
#..###..#
########.#..#.###.
#.#.#.#.# #..........
#.......### ###.#######
####......# #.#


There were no monsters in sight!

Vanquished Creatures
  Pikel (D:4)
  The ghost of Faustar the Spear-Bearer, a novice MfSk of Qazlal (D:5)
  Eustachio (D:4)
  2 sky beasts (D:5)
  4 ogres
  Blork the orc (D:5)
  A bullfrog (D:6)
  A jelly (D:3)
  4 hounds
  2 iguanas (D:4)
  An orc wizard (D:6)
  3 worker ants (D:4)
  A hound skeleton (D:6)
  7 adders
  14 gnolls
  2 oozes
  4 worms
  A dart slug (D:2)
  2 leopard geckos
  9 orcs
  A ball python (D:3)
  8 bats
  14 giant cockroaches
  6 goblins
  8 hobgoblins
  4 kobolds
  3 quokkas
  A ball python skeleton (D:5)
  6 frilled lizards
  A jackal skeleton (D:4)
  A leopard gecko skeleton (D:5)
  5 rats
120 creatures vanquished.

Vanquished Creatures (collateral kills)
  Sigmund (D:4)
  A gnoll (D:6)
  An orc (D:3)
3 creatures vanquished.

Vanquished Creatures (others)
  A hound (D:4)
1 creature vanquished.

Grand Total: 124 creatures vanquished

Notes
Turn   | Place    | Note
-------+----------+-------------------------------------------
     0 | D:1      | Nattfarinn the Gnoll Enchanter began the quest for the Orb.
     0 | D:1      | Reached XP level 1. HP: 13/13 MP: 6/6
   363 | D:1      | Reached XP level 2. HP: 16/19 MP: 7/7
   367 | D:1      | Learned a level 2 spell: Ensorcelled Hibernation
   470 | D:1      | You fall through a shaft!
   751 | D:2      | Reached skill level 5 in Spellcasting
   751 | D:2      | Reached XP level 3. HP: 19/25 MP: 5/9
   871 | D:2      | Reached skill level 6 in Stealth
   871 | D:2      | Reached skill level 1 in Invocations
  1125 | D:2      | Reached skill level 1 in Fighting
  1125 | D:2      | Reached skill level 1 in Long Blades
  1125 | D:2      | Reached skill level 1 in Axes
  1125 | D:2      | Reached skill level 1 in Maces & Flails
  1125 | D:2      | Reached skill level 1 in Polearms
  1125 | D:2      | Reached skill level 1 in Staves
  1125 | D:2      | Reached skill level 1 in Slings
  1125 | D:2      | Reached skill level 1 in Bows
  1125 | D:2      | Reached skill level 1 in Crossbows
  1125 | D:2      | Reached skill level 1 in Throwing
  1125 | D:2      | Reached skill level 1 in Armour
  1125 | D:2      | Reached skill level 1 in Shields
  1125 | D:2      | Reached skill level 1 in Unarmed Combat
  1125 | D:2      | Reached skill level 1 in Evocations
  1125 | D:2      | Reached XP level 4. HP: 32/32 MP: 11/11
  1207 | D:2      | Reached skill level 1 in Conjurations
  1207 | D:2      | Reached skill level 1 in Charms
  1207 | D:2      | Reached skill level 1 in Summonings
  1207 | D:2      | Reached skill level 1 in Necromancy
  1207 | D:2      | Reached skill level 1 in Translocations
  1207 | D:2      | Reached skill level 1 in Transmutations
  1207 | D:2      | Reached skill level 1 in Fire Magic
  1207 | D:2      | Reached skill level 1 in Ice Magic
  1207 | D:2      | Reached skill level 1 in Air Magic
  1207 | D:2      | Reached skill level 1 in Earth Magic
  1207 | D:2      | Reached skill level 1 in Poison Magic
  1212 | D:2      | Learned a level 3 spell: Confuse
  1216 | D:2      | Learned a level 3 spell: Tukima's Dance
  1690 | D:2      | Reached XP level 5. HP: 37/37 MP: 12/12
  2407 | D:3      | Found an ancient bone altar of Kikubaaqudgha.
  2407 | D:3      | Found a hazy altar of Hepliaklqana.
  2658 | D:4      | Found Paxe's Assorted Antiques.
  2663 | D:4      | Reached XP level 6. HP: 44/44 MP: 13/13
  2747 | D:4      | Noticed Pikel
  2747 | D:4      | Noticed a slave
  2817 | D:4      | Killed Pikel
  2817 | D:4      | Reached skill level 5 in Dodging
  2817 | D:4      | Reached XP level 7. HP: 33/51 MP: 7/15
  3102 | D:4      | Found a staircase to the Ecumenical Temple.
  3230 | D:4      | Noticed Sigmund
  3233 | D:4      | Noticed Eustachio
  3241 | D:4      | Killed Sigmund
  3241 | D:4      | Reached XP level 8. HP: 57/57 MP: 10/16
  3477 | D:4      | Killed Eustachio
  3576 | D:5      | Entered Level 5 of the Dungeon
  3846 | D:5      | Noticed Faustar's ghost (novice MfSk)
  3857 | D:5      | Killed Faustar's ghost
  3857 | D:5      | Reached skill level 7 in Stealth
  3874 | D:5      | Noticed Blork the orc
  3902 | D:5      | Killed Blork the orc
  3902 | D:5      | Reached XP level 9. HP: 65/65 MP: 9/18
  4087 | D:5      | Found a blossoming altar of Fedhas.
  4527 | D:5      | Slain by an orc wizard

Skill      XL: |  1  2  3  4  5  6  7  8  9 |
---------------+----------------------------+-----
Spellcasting   | 5 6 |  6.5
Stealth        | 6 7 |  7.3
Invocations    | 1 2 3 4 |  4.4
Fighting       | 1 2 3 4 |  4.0
Long Blades    | 1 2 3 4 |  4.0
Axes           | 1 2 3 4 |  4.0
Maces & Flails | 1 2 3 4 |  4.0
Polearms       | 1 2 3 4 |  4.0
Staves         | 1 2 3 4 |  4.0
Slings         | 1 2 3 4 |  4.0
Bows           | 1 2 3 4 |  4.0
Crossbows      | 1 2 3 4 |  4.0
Throwing       | 1 2 3 4 |  4.0
Armour         | 1 2 3 4 |  4.0
Shields        | 1 2 3 4 |  4.0
Unarmed Combat | 1 2 3 4 |  4.0
Evocations     | 1 2 3 4 |  4.0
Conjurations   | 1 2 3 |  3.3
Charms         | 1 2 3 |  3.3
Summonings     | 1 2 3 |  3.3
Necromancy     | 1 2 3 |  3.3
Translocations | 1 2 3 |  3.3
Transmutations | 1 2 3 |  3.3
Fire Magic     | 1 2 3 |  3.3
Ice Magic      | 1 2 3 |  3.3
Air Magic      | 1 2 3 |  3.3
Earth Magic    | 1 2 3 |  3.3
Poison Magic   | 1 2 3 |  3.3
Short Blades   | 3 4 |  4.8
Dodging        | 5 6 |  6.2
Hexes          | 6 |  6.4

Action                   |  1- 3 |  4- 6 |  7- 9 || total
-------------------------+-------+-------+-------++-------
Melee: Dagger            |    47 |   226 |   158 ||   431
       Bite              |     7 |    22 |    17 ||    46
       Punch             |       |     2 |     1 ||     3
 Cast: Corona            |     1 |       |       ||     1
       Ensorcelled Hiber |     8 |    21 |    21 ||    50
       Tukima's Dance    |       |     3 |     6 ||     9
       Confuse           |       |     1 |     9 ||    10
 Stab: Sleeping          |    10 |    25 |    20 ||    55
       Distracted        |     1 |       |       ||     1
       Confused          |       |     1 |     8 ||     9
  Eat: Chunk             |       |     6 |     7 ||    13
Armor: Robe              |     5 |    19 |     6 ||    30
Dodge: Dodged            |    31 |   174 |   103 ||   308
